 Dungeon Crawl Stone Soup version 0.22-a0-305-gd21a89c538 (webtiles) character file.

410 Oravi the Insei (level 6, -3/44 HPs)
             Began as a Merfolk Transmuter on Apr 1, 2018.
             Slain by a wight
             ... wielding a cursed +5 falchion of freezing
              (10 damage)
             ... on level 6 of the Dungeon.
             The game lasted 00:14:47 (3379 turns).

Oravi the Insei (Merfolk Transmuter)                Turns: 3379, Time: 00:14:48

Health: -3/44      AC:  2    Str: 12    XL:     6   Next: 89%
Magic:  6/10       EV: 22    Int: 12    God:
Gold:   220        SH:  0    Dex: 20    Spells: 5/11 levels left

rFire    . . .     SeeInvis .     - Unarmed
rCold    . . .     Gourm    .   (shield currently unavailable)
rNeg     . . .     Faith    .   (armour currently unavailable)
rPois    x         Spirit   .   (helmet currently unavailable)
rElec    .         Reflect  .   (cloak currently unavailable)
rCorr    .         Harm     .   (gloves currently unavailable)
MR       .....                  (boots currently unavailable)
Stlth    ++........             (no amulet)
HPRegen  0.14/turn              (no ring)
MPRegen  0.12/turn              (no ring)

@: spider-form (expiring), drained
A: tiny, (change form in water), (swift swim), (stealthy swim)
a: End Transformation


You were on level 6 of the Dungeon.
You were not hungry.
You were a venomous arachnid creature.
You visited 1 branch of the dungeon, and saw 4 of its levels.

You collected 220 gold pieces.

Inventory:

Missiles
 a - 62 arrows
Armour
 b - a +0 robe (melded)
 i - a +0 pair of gloves (melded)
Jewellery
 n - an uncursed amulet of the gourmand {unknown}
Scrolls
 c - 3 scrolls of remove curse {unknown}
 e - a scroll of enchant weapon {unknown}
 f - 3 scrolls of identify {unknown}
 h - a scroll of fear {unknown}
 k - a scroll of fog {unknown}
 p - a scroll of blinking {unknown}
Potions
 g - a potion of lignification {unknown}
 l - 2 potions of curing {unknown}
 m - a potion of brilliance {unknown}
 o - 2 potions of degeneration {unknown}
Comestibles
 d - 2 rations
 q - 3 chunks of flesh


   Skills:
 + Level 1.7(1.6) Fighting
 + Level 4.1(4.0) Dodging
 + Level 5.7(5.5) Unarmed Combat
 + Level 3.0(2.8) Spellcasting
 * Level 4.2(4.1) Transmutations
 * Level 2.6(2.5) Poison Magic


You had 5 spell levels left.
You knew the following spells:

 Your Spells              Type           Power        Failure   Level  Hunger
a - Beastly Appendage     Tmut           ##....       14%         1    #......
b - Sticks to Snakes      Tmut           ##......     19%         2    ###....
c - Spider Form           Tmut/Pois      #.........   38%         3    ###....


Dungeon Overview and Level Annotations

Branches:
Dungeon (6/15)
 Temple: D:4-7

Altars:
Dithmenos


Message History

The wight barely misses you.
You hit the wight but do no damage.
The wight is heavily damaged.
The wight closely misses you.
You hit the wight.
The wight is severely damaged.
The wight barely misses you. x2
You hit the wight.
The wight is almost destroyed.
The wight hits you with a falchion of freezing.
* * * LOW HITPOINT WARNING * * *
The wight freezes you.
* * * LOW HITPOINT WARNING * * *
You hit the wight.
You destroy the wight!
Your base Spellcasting skill increases to level 3!
The wight completely misses you.
You hit the wight but do no damage.
The wight hits you with a falchion of freezing!
You die...

. ####### ##### #.....#
....#########...sz##
........[........).>....
....####..........######
....# #..........# ....#
#..........# ....#
######.....# #.###
####### #.# #.#


You could see a wight.

Vanquished Creatures
  An ogre (D:6)
  2 wights (D:6)
  Terence (D:2)
  A worker ant (D:6)
  7 gnolls
  5 adders
  2 worms (D:2)
  3 leopard geckos
  6 orcs
  10 bats
  4 giant cockroaches
  4 hobgoblins
  4 jackals (D:1)
  A quokka (D:3)
  5 frilled lizards
  9 goblins
  6 kobolds
  6 rats
77 creatures vanquished.

Notes
Turn   | Place    | Note
-------+----------+-------------------------------------------
     0 | D:1      | Oravi the Merfolk Transmuter began the quest for the Orb.
     0 | D:1      | Reached XP level 1. HP: 15/15 MP: 3/3
   263 | D:1      | Reached XP level 2. HP: 19/21 MP: 3/5
   268 | D:1      | Learned a level 2 spell: Sticks to Snakes
   629 | D:1      | Reached skill level 4 in Unarmed Combat
  1022 | D:2      | Reached XP level 3. HP: 25/26 MP: 4/6
  1120 | D:2      | Learned a level 3 spell: Spider Form
  1271 | D:2      | Reached XP level 4. HP: 21/32 MP: 7/7
  1710 | D:2      | Noticed Terence
  1786 | D:2      | Killed Terence
  2565 | D:2      | Reached XP level 5. HP: 36/37 MP: 7/9
  2619 | D:3      | Reached skill level 5 in Unarmed Combat
  2769 | D:3      | Reached skill level 1 in Poison Magic
  2779 | D:3      | Found a shadowy altar of Dithmenos.
  3315 | D:3      | You fall through a shaft for 3 floors!
  3315 | D:6      | Noticed an ogre
  3324 | D:6      | Killed an ogre
  3324 | D:6      | Reached XP level 6. HP: 24/44 MP: 6/10
  3379 | D:6      | Slain by a wight

Vault maps used:
D:1:      enne_arrival_octagon_isle
D:2:      serial_glass, glass_columns_a, glass_columns_b, first_ration,
          uniq_terence
D:3:      nicolae_dithmenos_through_a_glass_darkly
D:6:      cheibrodos_thug_alley, minmay_temple_entry_mist

Skill      XL: |  1  2  3  4  5  6 |
---------------+-------------------+-----
Unarmed Combat | 4 5 |  5.7
Transmutations | 3 4 |  4.2
Dodging        | 3 4 |  4.1
Poison Magic   | 1 2 |  2.6
Spellcasting   | 3 |  3.0
Fighting       | |  1.7

Action                   |  1- 3 |  4- 6 || total
-------------------------+-------+-------++-------
Melee: Unarmed           |   121 |   145 ||   266
       Headbutt          |    10 |     9 ||    19
       Punch             |     1 |       ||     1
 Cast: Beastly Appendage |    12 |     8 ||    20
       Sticks to Snakes  |     3 |       ||     3
       Spider Form       |     2 |     7 ||     9
  Use: Potion            |     2 |     1 ||     3
  Eat: Chunk             |     2 |     8 ||    10
Armor: Robe              |    14 |    25 ||    39
       Skin              |     4 |     3 ||     7
Dodge: Dodged            |    82 |   124 ||   206

Table legend:
 A = Spawn XP
 B = Non-spawn XP
 C = Spawn XP percentage of total XP
 D = Spawn monster count
 E = Non-spawn monster count
 F = Spawn count percentage of total count
 G = Total turns spent on level
                    A         B        C        D         E        F      G
               +---------+---------+-------+---------+---------+-------+---------
         Total |       0 |     586 |   0.0 |       0 |      77 |   0.0 |  3379
               +---------+---------+-------+---------+---------+-------+---------
           D:1 |       0 |      32 |   0.0 |       0 |      19 |   0.0 |  1016
           D:2 |       0 |     135 |   0.0 |       0 |      27 |   0.0 |  1555
           D:3 |       0 |     145 |   0.0 |       0 |      27 |   0.0 |   744
           D:6 |       0 |     274 |   0.0 |       0 |       4 |   0.0 |    64
               +---------+---------+-------+---------+---------+-------+---------
